AoeStats
← TheVerks

MegaRandom

507743641Analyzed
4v4 RM · 14d ago on Sep 19, 2026· 87m 6s· 8 players
Game mode
Random Map
Map size
Large (8 player)
Population
200
Speed
Normal
Resources
Standard
Victory
Conquest
Starting age
Dark Age
Ending age
Imperial Age
RankedLock teamsTeams togetherTeam positionsShared explorationLock speedFull tech treeHidden civsTurbo modeCheats
Victory
Defeat
🇨🇳 Turks · China
889
+12
🇨🇳 Burgundians · China
885
+13
🇨🇳 Bohemians · China
864
+13
🇨🇳 Britons · China
832
+15
🇨🇦 Mongols · Canada
827
-14
🇫🇷 Dravidians · France
822
-14
🇺🇸 Japanese · United States
801
-13
🇦🇺 Franks · Australia
780
-12
TheVerks
1:41 Loom
13:02 Feudal Age
14:04 Horse Collar
15:01 Stone Mining
15:07 Man-at-Arms
18:24 Double-Bit Axe
20:24 Wheelbarrow
20:41 Town Watch
24:06 Castle Age
22:38 Gold Mining
24:38 Gambesons
24:25 Long Swordsman
28:28 Caravan
29:07 Arson
29:30 Treadmill Crane
30:03 Squires
30:41 Bow Saw
31:02 Heavy Plow
32:20 Ballistics
31:58 Murder Holes
33:27 Gold Shaft Mining
39:22 Fletching
41:20 Masonry
41:21 Fortified Wall
41:43 Town Patrol
42:47 Yasama
44:46 Guard Tower
45:43 Hand Cart
64:47 Imperial Age
66:53 Two-Man Saw
72:21 Conscription
74:11 Forging
74:01 Scale Mail Armor
74:08 Scale Barding Armor
R.I.P
13:50 Feudal Age
12:09 Loom
15:58 Double-Bit Axe
16:00 Horse Collar
18:41 Castle Age
17:03 Gold Mining
18:11 Stone Mining
21:45 Bow Saw
23:07 Fletching
29:33 Wheelbarrow
38:48 Imperial Age
39:07 Stone Shaft Mining
39:14 Gold Shaft Mining
38:52 Scale Barding Armor
41:32 Heavy Plow
42:43 Conscription
43:15 Drill
43:05 Capped Ram
44:38 Siege Ram
47:38 Hand Cart
46:49 Elite Mangudai
48:23 Bodkin Arrow
49:04 Chain Barding Armor
49:53 Chemistry
50:02 Ballistics
51:31 Bracer
51:47 Forging
53:45 Bloodlines
53:36 Husbandry
55:11 Iron Casting
64:59 Heavy Scorpion
66:03 Onager
71:07 Light Cavalry
Boba Fett
15:03 Feudal Age
15:26 Horse Collar
15:32 Double-Bit Axe
16:25 Wheelbarrow
15:36 Town Watch
16:32 Loom
16:41 Arson
16:19 Man-at-Arms
18:34 Gold Mining
18:34 Stone Mining
20:00 Scale Barding Armor
22:19 Castle Age
21:44 Forging
21:50 Loom
23:26 Hand Cart
23:13 Town Patrol
23:50 Husbandry
24:39 Heavy Plow
25:28 Bow Saw
28:05 Thumb Ring
31:24 Chain Barding Armor
31:33 Caravan
33:52 Ballistics
33:53 Masonry
33:39 Murder Holes
34:26 Iron Casting
33:45 Fletching
33:55 Padded Archer Armor
33:56 Scale Mail Armor
35:24 Coinage
36:29 Fortified Wall
36:10 Guard Tower
40:31 Imperial Age
40:17 Devotion
42:15 Two-Man Saw
42:23 Blast Furnace
41:39 Leather Archer Armor
41:20 Bodkin Arrow
41:40 Chain Mail Armor
41:17 Arrowslits
43:57 Banking
43:38 Guilds
42:56 Elite Elephant Archer
45:44 Medical Corps
47:42 Conscription
50:11 Elite Urumi Swordsman
51:27 Hoardings
54:24 Chemistry
54:00 Ring Archer Armor
55:40 Bracer
raging tom
2:45 Loom
12:46 Feudal Age
15:38 Wheelbarrow
19:11 Castle Age
17:07 Double-Bit Axe
21:31 Hand Cart
21:46 Stone Mining
26:21 Bow Saw
28:01 Gold Mining
31:25 Fortified Wall
31:35 Ballistics
32:12 Scale Barding Armor
32:18 Forging
35:13 Imperial Age
35:42 Chain Barding Armor
35:58 Iron Casting
35:34 Cavalier
37:49 Plate Barding Armor
39:11 Paladin
39:17 Paladin
40:28 Conscription
40:34 Caravan
41:37 Chivalry
42:44 Blast Furnace
63:49 Light Cavalry
Loveytjs
10:41 Feudal Age
11:08 Horse Collar
11:21 Double-Bit Axe
11:44 Horse Collar
20:18 Castle Age
18:39 Stone Mining
18:50 Gold Mining
20:59 Heavy Plow
21:12 Bow Saw
21:44 Squires
47:11 Forging
50:33 Gold Shaft Mining
50:43 Pikeman
52:37 Iron Casting
52:05 Scale Mail Armor
54:37 Wheelbarrow
57:17 Imperial Age
77:11 Halberdier
77:37 Arson
80:39 Hand Cart
83:07 Blast Furnace
82:23 Chain Mail Armor
83:18 Two-Man Saw
86:51 Guilds
87:12 Coinage
86:42 Caravan
卖报的小行家
13:56 Feudal Age
13:10 Loom
14:35 Double-Bit Axe
14:34 Horse Collar
19:03 Castle Age
18:20 Wheelbarrow
24:11 Bow Saw
26:59 Wagenburg Tactics
30:27 Pikeman
31:07 Squires
30:53 Arson
31:50 Hand Cart
37:21 Imperial Age
39:26 Chemistry
38:07 Treadmill Crane
38:48 Ballistics
38:24 Murder Holes
38:48 Halberdier
39:53 Masonry
40:08 Conscription
42:05 Fletching
42:26 Forging
42:16 Scale Mail Armor
42:39 Elite Hussite Wagon
45:08 Bodkin Arrow
45:49 Iron Casting
45:29 Chain Mail Armor
45:36 Caravan
48:03 Houfnice
67:53 Two-Man Saw
68:22 Two-Man Saw
70:45 Elite Skirmisher
我血你
13:30 Feudal Age
14:00 Double-Bit Axe
16:59 Wheelbarrow
19:41 Castle Age
18:10 Stone Mining
21:01 Bow Saw
21:58 Gold Mining
22:51 Horse Collar
27:00 Heavy Plow
29:15 Gold Shaft Mining
29:23 Hand Cart
29:57 Padded Archer Armor
29:48 Fletching
30:26 Husbandry
30:37 Bloodlines
36:03 Imperial Age
35:21 Ballistics
35:07 Bodkin Arrow
35:30 Leather Archer Armor
36:43 Scale Mail Armor
37:32 Elite Janissary
38:38 Conscription
42:17 Bracer
42:57 Ring Archer Armor
44:22 Bombard Tower
49:13 Chain Mail Armor
59:31 Scale Barding Armor
62:40 Chain Barding Armor
62:31 Forging
62:55 Caravan
63:11 Guilds
71:38 Plate Barding Armor
76:49 Iron Casting
76:18 Bracer
Pets_T饕
5:14 Loom
9:20 Double-Bit Axe
10:32 Horse Collar
13:23 Feudal Age
14:55 Bow Saw
19:50 Castle Age
18:06 Heavy Plow
19:37 Wheelbarrow
19:49 Stone Mining
21:57 Two-Man Saw
23:18 Stone Shaft Mining
24:55 Hand Cart
25:17 Crop Rotation
25:21 Scale Barding Armor
25:27 Forging
25:10 Fletching
25:26 Scale Barding Armor
25:45 Gold Mining
26:48 Cavalier
27:28 Husbandry
27:44 Forging
27:31 Bodkin Arrow
28:14 Gold Shaft Mining
30:48 Burgundian Vineyards
31:35 Chain Barding Armor
33:24 Town Watch
38:03 Imperial Age
35:37 Town Patrol
36:06 Murder Holes
36:22 Masonry
41:10 Chemistry
40:32 Ballistics
40:42 Architecture
40:44 Conscription
39:45 Elite Coustillier
41:27 Paladin
42:24 Forging
43:22 Fortified Wall
42:54 Treadmill Crane
43:55 Iron Casting
43:59 Plate Barding Armor
45:44 Caravan
47:09 Light Cavalry
51:18 Guilds
51:07 Pikeman
51:47 Squires
52:50 Blast Furnace
57:11 Hussar
62:37 Bracer
67:33 Coinage
71:50 Banking
Connection lost

Rejoining the realm…

Still unreachable

The connection could not be restored.

Session expired

The server has moved on; the page needs a fresh start.